 Dungeon Crawl Stone Soup version 0.28.0-56-g4927b6849a (webtiles) character file.

Game seed: 5793405885799203079

14420 cbfl8 the Severer (level 11, -7/101 HPs)
             Began as a Minotaur Berserker on Jan 31, 2023.
             Was a High Priest of Trog.
             Mangled by a skeletal warrior
             ... wielding a +0 halberd
             ... led by a skeletal warrior
              (11 damage)
             ... on level 11 of the Dungeon on Feb 2, 2023.
             The game lasted 00:14:53 (13882 turns).

cbfl8 the Severer (Minotaur Berserker)             Turns: 13882, Time: 00:14:54

Health: -7/101     AC: 18    Str: 28    XL:     11   Next: 88%
Magic:  10/10      EV: 12    Int:  7    God:    Trog [*****.]
Gold:   482        SH:  0    Dex: 14    Spells: 10/10 levels left

rFire   . . .      SeeInvis .   t - +5 battleaxe (freeze)
rCold   . . .      Faith    +   (shield currently unavailable)
rNeg    . . .      Spirit   .   n - +4 chain mail {Will+}
rPois   .          Reflect  .   (helmet restricted)
rElec   .          Harm     .   f - scarf {shadows}
rCorr   .          Rampage  .   x - +0 pair of gloves
Will    +++..                   o - +1 pair of boots of Conscience {Will+ Int+3}
Stlth   ..........              l - amulet of faith
HPRegen 0.26/turn               m - +6 ring of strength
MPRegen 0.12/turn               A - ring of willpower

@: about to teleport, on berserk cooldown, slowed, very slow
A: horns 2, retaliatory headbutt
a: Renounce Religion, Berserk, Trog's Hand, Brothers in Arms


You were on level 11 of the Dungeon.
You worshipped Trog.
Trog was extremely pleased with you.
You visited 1 branch of the dungeon, and saw 11 of its levels.
You also visited: Ossuary.

You collected 482 gold pieces.

Inventory:

Hand Weapons
 t - a +5 battleaxe of freezing (weapon)
Armour
 f - a scarf of shadows (worn)
 n - a +4 chain mail of willpower (worn)
 o - the +1 pair of boots of Conscience (worn) {Will+ Int+3}
   (You found it on level 5 of the Dungeon)

   Int:       It affects your intelligence (+3).
   Will:      It increases your willpower.
 x - a +0 pair of gloves (worn)
Jewellery
 l - an amulet of faith (around neck)
 m - a +6 ring of strength (left hand)
 z - a +6 ring of intelligence
 A - a ring of willpower (right hand)
Wands
 g - a wand of polymorph (11)
 j - a wand of iceblast (26)
 k - a wand of flame (46)
Scrolls
 c - a scroll of noise
 d - 6 scrolls of magic mapping
 h - 2 scrolls of immolation
 i - 2 scrolls of fog
 q - 6 scrolls of enchant armour
 s - a scroll of enchant weapon
 y - a scroll of teleportation
 C - a scroll of identify
Potions
 a - 3 potions of heal wounds {unknown}
 b - a potion of magic {unknown}
 e - 3 potions of berserk rage {unknown}
 p - 2 potions of flight {unknown}
 u - 6 potions of curing {unknown}
 v - 2 potions of brilliance {unknown}
 w - 3 potions of lignification {unknown}
 B - a potion of attraction {unknown}


   Skills:
 * Level 10.6 Fighting
 * Level 16.1 Axes
 + Level 8.3 Armour
 * Level 7.1 Dodging
 + Level 1.2 Stealth
 * Level 5.9 Evocations


You had 10 spell levels left.
You didn't know any spells.
Your spell library was empty.

Dungeon Overview and Level Annotations

Branches:
Dungeon (11/15)            Temple (0/1) D:5             Orc (0/2) D:11
Ossuary (visited)
   Lair: D:8-11

Altars:
Ashenzari
Cheibriados
Gozag
Nemelex Xobeh
Okawaru
Xom
The Shining One

Shops:
D:2 !   D:9 (   D:11 :

Annotations:
D:10 3 runed translucent doors, JacoesBerries's ghost, journeyman DECj


Innate Abilities, Weirdness & Mutations

You have a pair of horns on your head.
You reflexively headbutt those who attack you in melee.


Message History

a +0 trident; 16 stones You slice the skeletal warrior!!
You freeze the skeletal warrior.
You headbutt the skeletal warrior, but do no damage.
The skeletal warrior is heavily damaged.
You are no longer berserk.
You are exhausted.
You feel yourself slow down.
You barely miss the skeletal warrior.
The skeletal warrior is heavily damaged.
The skeletal warrior closely misses you.
The skeletal warrior hits you with a +0 war axe! x2
* * * LOW HITPOINT WARNING * * *
The skeletal warrior hits you from afar with a +0 halberd!!
* * * LOW HITPOINT WARNING * * *
Things that are here:
a +0 glaive; 14 gold pieces The skeletal warrior hits you but does no damage.
As you read the scroll labelled ILEMAC IMNECH, it crumbles to dust.
You hear a loud clanging noise!
It was a scroll of noise.
You hear a bellow!
The skeletal warrior closely misses you.
The skeletal warrior misses you. x2
This is a scroll of acquirement!
You see here a manual of Fighting.
Something appears at your feet!
The skeletal warrior hits you from afar with a +0 halberd.
* * * LOW HITPOINT WARNING * * *
The skeletal warrior hits you but does no damage. x2
As you read the scroll labelled QIMETA KUKIRIE, it crumbles to dust.
It is a scroll of enchant weapon.
Your +4 battleaxe of freezing glows red for a moment.
The skeletal warrior completely misses you.
You furiously retaliate!
You headbutt the skeletal warrior.
The skeletal warrior hits you but does no damage.
The skeletal warrior closely misses you.
You furiously retaliate!
You headbutt the skeletal warrior!
As you read the scroll labelled BOLOUW SUANOBY, it crumbles to dust.
You feel strangely unstable.
It was a scroll of teleportation.
The skeletal warrior hits you from afar with a +0 halberd!
You die...

### #.. #.# #.# .
###########.#.#
......)zz@..#.#
###########.#.#
#...#### ##.......
#####........
#............
#.###.....###..#
#.####....<^.......
..........###..##.#


You could see 2 skeletal warriors.

Vanquished Creatures
  A hydra (D:9)
  A centaur warrior (D:8)
  A two-headed ogre (D:9)
  3 skeletal warriors
  Pikel (D:6)
  A cyclops (D:9)
  3 ugly things
  A gargoyle (D:11)
  Maggie (D:8)
  Grinder (D:3)
  A vampire (D:9)
  2 wraiths
  A shadow (D:8)
  4 yaks (D:10)
  A wyvern (D:8)
  A steam dragon (D:7)
  Menkaure (D:6)
  Edmund (D:4)
  3 vampire mosquitoes (D:11)
  Duvessa (D:4)
  An acid dragon (D:10)
  A water moccasin (D:8)
  A hornet zombie (D:7)
  3 ice beasts
  7 orc warriors
  A black bear (D:5)
  An ogre (D:7)
  A wolf (shapeshifter) (D:9)
  7 centaurs
  A phantom (D:4)
  2 lemures (D:6)
  A kobold brigand (D:4)
  2 gnoll sergeants
  3 elf zombies (D:8)
  3 bullfrogs
  A scorpion (D:5)
  Dowan (D:4)
  A water moccasin skeleton (D:4)
  6 killer bees
  8 wights
  2 howler monkeys (D:9)
  2 electric eels
  9 centaur zombies
  A human zombie (Ossuary)
  2 hounds
  2 bullfrog skeletons (D:6)
  A bullfrog zombie (D:6)
  2 jellies
  4 orc priests
  2 centaur skeletons
  Jessica (D:2)
  Ijyb (D:4)
  2 iguanas (D:7)
  A human skeleton (D:8)
  6 orc wizards
  A hound zombie (D:5)
  2 mummies (Ossuary)
  2 howler monkey zombies (D:9)
  11 gnolls
  8 adders
  2 shadow imps (D:5)
  2 white imps (D:7)
  An ufetubus (D:4)
  2 adder zombies (Ossuary)
  4 worms
  27 orcs
  8 ball pythons
  7 endoplasms
  8 giant cockroaches
  2 goblins
  5 hobgoblins
  4 jackals
  4 quokkas
  A bat (D:2)
  3 frilled lizards
  A goblin zombie (Ossuary)
  12 hobgoblin zombies (Ossuary)
  2 jackal zombies (Ossuary)
  5 kobolds
  11 kobold zombies (Ossuary)
  2 orc skeletons (D:8)
  5 orc zombies (Ossuary)
  6 rats
  A rat zombie (Ossuary)
269 creatures vanquished.

Notes
Turn   | Place    | Note
-------+----------+-------------------------------------------
     0 | D:1      | cbfl8 the Minotaur Berserker began the quest for the Orb.
     0 | D:1      | Reached XP level 1. HP: 19/19 MP: 0/0
   313 | D:1      | Reached skill level 4 in Axes
   313 | D:1      | Reached XP level 2. HP: 22/27 MP: 1/1
   898 | D:1      | Found a faded altar of an unknown god.
  1294 | D:2      | Reached XP level 3. HP: 33/33 MP: 2/2
  1477 | D:2      | Noticed Jessica
  1488 | D:2      | Killed Jessica
  1681 | D:2      | Reached XP level 4. HP: 41/41 MP: 3/3
  1728 | D:2      | Found Siblaute's Distillery.
  2622 | D:3      | Noticed Grinder
  2624 | D:3      | Paralysed by Grinder for 4 turns
  2629 | D:3      | Killed Grinder
  2630 | D:3      | Reached skill level 5 in Fighting
  2630 | D:3      | Reached skill level 6 in Axes
  2630 | D:3      | Reached XP level 5. HP: 28/48 MP: 4/4
  2630 | D:3      | Reached XP level 6. HP: 32/56 MP: 5/5
  3445 | D:4      | Noticed Duvessa
  3446 | D:4      | Noticed Dowan
  3455 | D:4      | Killed Duvessa
  3456 | D:4      | Reached skill level 1 in Stealth
  3457 | D:4      | Killed Dowan
  3458 | D:4      | Reached skill level 7 in Axes
  3458 | D:4      | Reached XP level 7. HP: 51/61 MP: 6/6
  3459 | D:4      | Reached ** piety under Trog
  3505 | D:4      | Noticed Ijyb
  3521 | D:4      | Killed Ijyb
  3766 | D:4      | Reached skill level 1 in Evocations
  3768 | D:4      | Noticed Edmund
  3779 | D:4      | Killed Edmund
  4586 | D:5      | Entered Level 5 of the Dungeon
  4616 | D:5      | Identified the +1 pair of boots of Conscience {Will+ Int+3}
  4621 | D:5      | Reached skill level 8 in Axes
  4664 | D:5      | Reached XP level 8. HP: 67/70 MP: 7/7
  4695 | D:5      | Reached *** piety under Trog
  5071 | D:5      | Reached skill level 5 in Armour
  5128 | D:5      | Found an iron altar of Okawaru.
  5219 | D:5      | Found a staircase to the Ecumenical Temple.
  5667 | D:6      | Noticed Menkaure
  5673 | D:6      | Killed Menkaure
  5674 | D:6      | Reached skill level 9 in Axes
  5922 | D:6      | Found a shimmering altar of Xom.
  6815 | D:6      | Noticed Pikel
  6822 | D:6      | Killed Pikel
  6823 | D:6      | Reached skill level 10 in Axes
  6823 | D:6      | Reached XP level 9. HP: 79/79 MP: 8/8
  7573 | D:7      | Reached skill level 5 in Dodging
  7599 | D:7      | Reached skill level 11 in Axes
  8480 | D:7      | Reached **** piety under Trog
  8629 | D:8      | Noticed Maggie
  8633 | D:8      | Killed Maggie
  8634 | D:8      | Reached skill level 12 in Axes
  8698 | D:8      | Reached XP level 10. HP: 60/88 MP: 9/9
  8723 | D:8      | Found a sand-covered staircase.
  8733 | Ossuary  | Entered an ossuary
  9024 | Ossuary  | Reached ***** piety under Trog
  9922 | D:8      | Noticed a centaur warrior
  9931 | D:8      | Killed a centaur warrior
  9932 | D:8      | Reached skill level 13 in Axes
 10617 | D:9      | Noticed a two-headed ogre
 10625 | D:9      | Killed a two-headed ogre
 11027 | D:9      | Noticed a six-headed hydra
 11032 | D:9      | Killed an eight-headed hydra
 11033 | D:9      | Reached skill level 14 in Axes
 11066 | D:9      | Noticed a cyclops
 11071 | D:9      | Noticed a skeletal warrior
 11073 | D:9      | Killed a cyclops
 11074 | D:9      | Reached XP level 11. HP: 58/97 MP: 10/10
 11080 | D:9      | Killed a skeletal warrior
 11081 | D:9      | Noticed a brown ugly thing
 11081 | D:9      | Noticed a green ugly thing
 11084 | D:9      | Killed a brown ugly thing
 11085 | D:9      | Reached skill level 5 in Evocations
 11087 | D:9      | Killed a green ugly thing
 11744 | D:9      | Found a glowing golden altar of the Shining One.
 11748 | D:9      | Found Siucloco's Antique Weapon Emporium.
 11931 | D:9      | Found a broken altar of Ashenzari.
 11932 | D:9      | Found a snail-covered altar of Cheibriados.
 11970 | D:10     | Entered Level 10 of the Dungeon
 11983 | D:10     | Reached skill level 15 in Axes
 12077 | D:10     | Found a sparkling altar of Nemelex Xobeh.
 12198 | D:10     | Reached skill level 10 in Fighting
 12497 | D:10     | Found a runed translucent gate.
 12497 | D:10     | Found an opulent altar of Gozag.
 12498 | D:10     | Found a runed translucent gate.
 12498 | D:10     | Found a runed translucent gate.
 12501 | D:10     | Noticed an orc knight
 12503 | D:10     | Noticed JacoesBerries's ghost (journeyman DECj)
 13076 | D:11     | Received a gift from Trog
 13238 | D:11     | Found a staircase to the Orcish Mines.
 13466 | D:11     | Found Xiun's Book Boutique.
 13535 | D:11     | Noticed a white ugly thing
 13542 | D:11     | Killed a white ugly thing
 13852 | D:11     | Noticed a skeletal warrior
 13855 | D:11     | Noticed a skeletal warrior
 13856 | D:11     | Noticed a skeletal warrior
 13857 | D:11     | Noticed a skeletal warrior
 13865 | D:11     | Killed a skeletal warrior
 13872 | D:11     | Killed a skeletal warrior
 13873 | D:11     | Reached skill level 16 in Axes
 13880 | D:11     | Identified a scroll of acquirement
 13880 | D:11     | Acquired a manual of Fighting
 13880 | D:11     | HP: 3/101 [skeletal warrior/+0 halberd[a skeletal warrior]
                  | (6)]
 13882 | D:11     | Mangled by a skeletal warrior

Illustrated notes

Levels and vault maps discovered:
D:1:      evilmike_arrival_crescent, layout_loops_corners,
          ebering_ecumenical_altar_mist, chequers_serial_rivers_micro_d
D:2:      layout_basic, serial_shops, shop, uniq_jessica
D:3:      layout_basic, hangedman_decor_points, grunt_decor_clamped,
          minivault_19, uniq_grinder
D:4:      layout_cave_pools, gup_sewer_entry_spiral, chequers_arboretum,
          uniq_edmund, uniq_ijyb, uniq_duvessa
D:5:      layout_loops_ring, mainiacjoe_overflow_alcove_4,
          minmay_temple_entry_from_below_a
D:6:      layout_gridville, xom_teletrap_fun, minmay_strange_pillars,
          uniq_pikel, uniq_menkaure
D:7:      layout_gridville, minmay_misc_feat_chi, corexii_corridor_pit
D:8:      layout_basic, nicolae_ossuary_entry_catacombs, serial_curves,
          eino_curves_01, eino_curves_02, uniq_maggie
D:9:      minmay_the_grid_triangle_9x9_rhombus_full
          [minmay_the_grid_triangle_9x9_longest,
          minmay_the_grid_triangle_9x9_semitri,
          minmay_the_grid_triangle_9x9_negative_grid,
          minmay_the_grid_triangle_9x9_empty,
          minmay_the_grid_triangle_9x9_corrupted_corridor,
          minmay_the_grid_triangle_9x9_zippers_horizontal,
          minmay_the_grid_triangle_9x9_steps,
          minmay_the_grid_triangle_9x9_prize_schism], layout_rooms,
          lemuel_doored_altar, nicolae_overflow_squiral, serial_shops, shop
D:10:     layout_basic, lemuel_tele_altar, ebering_ghost_gozag
D:11:     layout_loops_ring, lair_entry_dummy, david_orc_3, serial_shops, shop,
          special_room [special_room_orc], minmay_misc_feat_doors,
          kennysheep_generic_room_8

Skill      XL: |  1  2  3  4  5  6  7  8  9 10 11 |
---------------+----------------------------------+-----
Axes           | 4 6 7 8 10 12 14 16 | 16.1
Fighting       | 4 5 6 7 9 10 | 10.6
Armour         | 3 4 5 6 7 8 |  8.3
Dodging        | 3 4 5 6 7 |  7.1
Stealth        | 1 |  1.2
Evocations     | 1 2 4 5 |  5.9

Action                   |  1- 3 |  4- 6 |  7- 9 | 10-12 || total
-------------------------+-------+-------+-------+-------++-------
Melee: Hand axe          |    49 |    18 |       |       ||    67
       Headbutt          |     5 |     7 |    40 |    57 ||   109
       Punch             |     1 |       |     1 |       ||     2
       War axe           |       |    35 |   197 |       ||   232
       Battleaxe         |       |       |    51 |   265 ||   316
Invok: Berserk           |       |     2 |     3 |     5 ||    10
  Use: Scroll            |       |       |     5 |     5 ||    10
Armor: Animal skin       |     4 |       |       |       ||     4
       Leather armour    |     1 |     4 |       |       ||     5
       Chain mail        |       |    22 |   149 |   146 ||   317
Dodge: Dodged            |    30 |    19 |   125 |   126 ||   300
